 Dungeon Crawl Stone Soup version 0.22.0 (webtiles) character file.

229 AymanAU the Skirmisher (level 6, 0/67 HPs)
             Began as a Kobold Berserker on Oct 27, 2018.
             Was a Believer of Trog.
             Succumbed to an orc wizard's poison
             ... on level 3 of the Dungeon.
             The game lasted 00:11:03 (3957 turns).

AymanAU the Skirmisher (Kobold Berserker)           Turns: 3957, Time: 00:11:03

Health: 0/67       AC: 23    Str: 15    XL:     6   Next: 23%
Magic:  6/6        EV:  3    Int: 13    God:    Trog [**....]
Gold:   212        SH:  0    Dex: 21    Spells: 5/5 levels left

rFire    . . .     SeeInvis .   a - +0 short sword
rCold    . . .     Gourm    .   (shield restricted)
rNeg     + + +     Faith    .   (armour currently unavailable)
rPois    +         Spirit   .   (helmet currently unavailable)
rElec    .         Reflect  .   (cloak currently unavailable)
rCorr    .         Harm     .   (gloves currently unavailable)
MR       .....     NoTele   +   (boots currently unavailable)
Stlth    ++++......             (no amulet)
HPRegen  0.21/turn              (no ring)
MPRegen  0.10/turn              (no ring)

@: brilliant, agile, lethally poisoned (0 -> -11), tree-form, berserk cooldown,
slowed, very slow
A: small, carnivore, robust 1
a: Berserk, Trog's Hand, Renounce Religion


You were on level 3 of the Dungeon.
You worshipped Trog.
Trog was pleased with you.
You were very full.
You were a tree.
You visited 1 branch of the dungeon, and saw 3 of its levels.

You collected 212 gold pieces.

Inventory:

Hand Weapons
 a - a +0 short sword (weapon)
Missiles
 j - 30 stones (quivered)
 w - 14 bolts
Armour
 b - a +0 animal skin (melded)
 m - a +0 pair of boots
 t - a +2 ring mail of poison resistance
Jewellery
 d - an uncursed amulet of the gourmand {unknown}
 g - an uncursed ring of positive energy {unknown}
 s - an uncursed ring of magical power {unknown}
Scrolls
 h - a scroll of enchant weapon {unknown}
 l - 4 scrolls of identify {unknown}
 o - 4 scrolls of teleportation {unknown}
 r - 3 scrolls of remove curse {unknown}
 v - a scroll of magic mapping
Potions
 p - a potion of lignification
Comestibles
 c - 6 rations
 u - 3 chunks of flesh


   Skills:
 + Level 5.8 Fighting
 - Level 4.0 Short Blades
 - Level 1.5 Armour
 - Level 2.4 Dodging
 - Level 5.1 Stealth


You had 5 spell levels left.
You didn't know any spells.
Your spell library was empty.

Dungeon Overview and Level Annotations

Branches:
Dungeon (3/15)

Altars:
Gozag
Hepliaklqana
Uskayaw

Annotations:
D:3 exclusion: Sigmund, Sigmund


Innate Abilities, Weirdness & Mutations

You are small and have problems with some larger weapons.
You are carnivorous and can eat meat at any time.
You are robust. (+10% HP)
((You are occasionally teleported next to monsters.))


Message History

As you read the scroll labeled TAUDWUEDEKO, it crumbles to dust.
You feel aware of your surroundings.
It was a scroll of magic mapping.
* * * LOW HITPOINT WARNING * * *
You feel sick.
Unknown command.
Okay, then.
Okay, then.
As you read the scroll labeled NIRYUR NYAMNUNETZ, it crumbles to dust.
You hear a loud clanging noise!
It was a scroll of noise.
* * * LOW HITPOINT WARNING * * *
You feel sick.
The orc wizard is no longer moving quickly.
The orc wizard casts a spell at you. The magic dart hits you!
* * * LOW HITPOINT WARNING * * *
As you read the scroll labeled OPORIRU WOAXONK, it crumbles to dust.
You assume a fearsome visage.
The orc wizard looks frightened!
It was a scroll of fear.
You die...

*,* #.# ## *,* #.# #.
*,* #.# #. *,*
#.#########. *,*
#........... *,*
##########.. *,*
###########.
#.##########.).........
#...(.♣.o..))##########
##############


You could see an orc wizard (fleeing).

Vanquished Creatures
  An orc priest (D:3)
  An orc wizard (D:3)
  Terence (D:2)
  A gnoll (D:1)
  6 adders
  An ooze (D:1)
  3 leopard geckos
  3 orcs
  3 giant cockroaches
  6 goblins
  8 hobgoblins
  4 jackals (D:3)
  8 kobolds
  2 quokkas (D:2)
  A ball python (D:2)
  10 bats
  6 frilled lizards
  10 rats
75 creatures vanquished.

Notes
Turn   | Place    | Note
-------+----------+-------------------------------------------
     0 | D:1      | AymanAU the Kobold Berserker began the quest for the Orb.
     0 | D:1      | Reached XP level 1. HP: 14/14 MP: 1/1
    49 | D:1      | Reached XP level 2. HP: 13/19 MP: 2/2
   276 | D:1      | Reached XP level 3. HP: 22/23 MP: 3/3
   983 | D:2      | Reached XP level 4. HP: 20/28 MP: 4/4
  1255 | D:2      | Reached skill level 5 in Stealth
  2022 | D:2      | Found an opulent altar of Gozag.
  2022 | D:2      | Found a hazy altar of Hepliaklqana.
  2022 | D:2      | Found a hide-covered altar of Uskayaw.
  2111 | D:2      | Noticed Terence
  2335 | D:2      | Reached ** piety under Trog
  2852 | D:2      | Reached XP level 5. HP: 29/33 MP: 5/5
  2965 | D:2      | Killed Terence
  3613 | D:3      | Reached skill level 5 in Fighting
  3624 | D:3      | Noticed Sigmund
  3918 | D:3      | Reached XP level 6. HP: 40/40 MP: 6/6
  3938 | D:3      | HP: 5/41 [orc wizard/magic dart (6)]
  3942 | D:3      | Gained mutation: You are occasionally teleported next to monsters. [potion of mutation]
  3942 | D:3      | Gained mutation: You are robust. (+10% HP) [potion of mutation]
  3944 | D:3      | HP: 9/67 [orc wizard/magic dart (5)]
  3955 | D:3      | HP: 10/67 [poisoned by an orc wizard]
  3956 | D:3      | HP: 2/67 [orc wizard/magic dart (6)]
  3957 | D:3      | Succumbed to an orc wizard's poison

Skill      XL: |  1  2  3  4  5 |
---------------+----------------+-----
Stealth        | 2 3 4 5 |  5.1
Fighting       | 4 5 |  5.8
Short Blades   | |  4.0
Armour         | |  1.5
Dodging        | |  2.4

Action                   |  1- 3 |  4- 6 || total
-------------------------+-------+-------++-------
Melee: Short sword       |    88 |   133 ||   221
Throw: Stone             |     1 |     5 ||     6
Invok: Berserk           |     3 |     5 ||     8
       Trog's Hand       |       |     1 ||     1
  Use: Potion            |       |     7 ||     7
       Scroll            |       |     3 ||     3
 Stab: Sleeping          |     6 |    15 ||    21
  Eat: Chunk             |     7 |    17 ||    24
Armor: Animal skin       |    12 |     8 ||    20
       Skin              |       |    23 ||    23
Dodge: Dodged            |    85 |    79 ||   164
